 Dungeon Crawl Stone Soup version 0.31-a0-18-gea43df2a32 (webtiles) character file.

Game seed: 9313990401874205709

2012 vineage the Spear-Bearer (level 9, -11/74 HPs)
             Began as a Merfolk Fighter on May 10, 2023.
             Was an Initiate of Okawaru.
             Mangled by a gargoyle
             ... wielding a +0 mace
              (16 damage)
             ... on level 6 of the Dungeon.
             The game lasted 00:08:38 (5851 turns).

vineage the Spear-Bearer (Merfolk Fighter)          Turns: 5851, Time: 00:08:39

Health: -11/74     AC: 10    Str: 26    XL:     9   Next: 22%
Magic:  9/9        EV: 10    Int:  8    God:    Okawaru [......]
Gold:   1060       SH:  6    Dex: 13    Spells: 8/8 levels left

rFire   . . .        s - +9 short sword "Loopy" {venom, rC+ Will- Stlth+}
rCold   + . .        c - +1 buckler
rNeg    . . .        q - +0 chain mail
rPois   +            f - +0 helmet
rElec   .            p - scarf {+Inv}
rCorr   .            (no gloves)
SInv    .            (no boots)
Will    .....        (no amulet) Stlth
                     e - +6 ring of strength
HPRegen 0.32/turn    w - ring of poison resistance
MPRegen 0.11/turn

%: no passive effects
@: weak-willed, invisible (expiring)
A: (nimble swimmer 2), mertail
a: Renounce Religion, Evoke Invisibility


You were on level 6 of the Dungeon.
You worshipped Okawaru.
Okawaru was noncommittal.
You visited 1 branch of the dungeon, and saw 6 of its levels.

You collected 1060 gold pieces.

Inventory:

Hand Weapons
 a - a +1 trident of electrocution
 s - the +9 short sword "Loopy" (weapon) {venom, rC+ Will- Stlth+}
   (You found it on level 4 of the Dungeon)

   rC:        It protects you from cold.
   Will:      It decreases your willpower.
   Stlth:     It makes you more stealthy.
Armour
 c - a +1 buckler (worn)
 f - a +0 helmet (worn)
 p - a scarf of invisibility (worn)
 q - a +0 chain mail (worn)
Jewellery
 e - a +6 ring of strength (left hand)
 g - a ring of ice
 j - a ring of see invisible
 k - a +6 ring of intelligence
 u - a ring of resist corrosion
 w - a ring of poison resistance (right hand)
Scrolls
 i - 4 scrolls of identify
 o - a scroll of enchant armour
Potions
 h - a potion of lignification
 l - a potion of haste
 v - 2 potions of heal wounds {unknown}
 x - a potion of mutation {unknown}


   Skills:
 * Level 7.9 Fighting
 * Level 9.0 Polearms
 + Level 4.1 Armour
 + Level 3.8 Dodging
 + Level 5.4 Shields


You had 8 spell levels left.
You didn't know any spells.
Your spell library contained the following spells:

 Spells                   Type           Power      Damage    Failure   Level
 Gell's Gravitas          Tloc           0%         N/A       100%        3
 Teleport Other           Tloc           0%         N/A       100%        3
 Dispersal                Tloc           0%         N/A       100%        6


Dungeon Overview and Level Annotations

Branches:
Dungeon (6/15)
 Temple: D:4-7

Altars:
Fedhas
Okawaru
Wu Jian

Annotations:
D:6 5 runed translucent doors, PostNTower's ghost, amateur OpTm


Innate Abilities, Weirdness & Mutations

((You are very nimble when in or above water. (Stealth+, EV+, Speed+++)))
Your lower body shifts to a powerful aquatic tail in water.


Message History

You block the gargoyle's attack.
You hit the gargoyle but do no damage.
The gargoyle hurls a stone arrow at you.
The stone arrow misses you.
You catch the helpless gargoyle completely off-guard!
You hit the gargoyle.
The gargoyle is lightly damaged.
The gargoyle barely misses you.
You hit the gargoyle but do no damage.
The gargoyle is lightly damaged.
You block the gargoyle's attack.
You hit the gargoyle but do no damage.
The gargoyle is lightly damaged.
The gargoyle hits you with a +0 mace.
* * * LOW HITPOINT WARNING * * *
You hit the gargoyle but do no damage.
The gargoyle is lightly damaged.
The gargoyle closely misses you.
You strike the helpless gargoyle from behind!
You hit the gargoyle but do no damage.
The gargoyle is lightly damaged.
The gargoyle hurls a stone arrow at you.
The stone arrow hits you!
* * * LOW HITPOINT WARNING * * *
As you read the scroll labelled XITHRYL KOUVVI, it crumbles to dust.
Magic quickly surges around you.
It was a scroll of vulnerability.
You block the gargoyle's attack.
As you read the scroll labelled HODDYMI ZAEF, it crumbles to dust.
It is a scroll of brand weapon.
Your +1 trident crackles with electricity.
a - a +1 trident of electrocution The gargoyle closely misses you.
This is a scroll of acquirement!
Something appears at your feet!
The ogre shouts!
The gargoyle hits you but does no damage.
You now have 1060 gold pieces (gained 786).
You flicker for a moment.
The gargoyle hits you with a +0 mace!
You die...

##... ..# #!...
.... #... ##### ..
# #..##8/)8# #.###
#..#8....8 #....
#..+O.....+ #....
#..+y.....+.##....
####..#8....
#....... ##(..@9##
}[8##.##....
#.....O.#
##........
#..†###'#
#+###|..# #..## .#
##..# #..# ## #..#
#..# #..# #..#
#... #..# #..#
#..## #### ##.##


You could see a two-headed ogre (unable to see you), a vampire mosquito (unable
to see you), a gargoyle (unable to see you, weak-willed) and an ogre (unable to
see you).

Vanquished Creatures
  The ghost of askman the Ducker, an amateur DsMo of Hepliaklqana (D:3)
  A sky beast (D:6)
  2 black bears
  2 ogres
  2 centaurs
  3 phantoms
  A bullfrog (D:6)
  4 scorpions
  2 howler monkeys
  4 hounds
  2 orc priests (D:5)
  5 jellies
  A gnoll bouda (D:5)
  2 iguanas
  An orc wizard (D:5)
  5 gnolls
  9 adders
  A shadow imp (D:6)
  2 white imps
  2 ufetubi
  A dart slug (D:4)
  13 orcs
  2 bats
  6 endoplasms
  2 giant cockroaches (D:3)
  8 hobgoblins
  7 jackals (D:2)
  9 kobolds
  5 quokkas
  13 ball pythons
  8 frilled lizards
  3 goblins
  9 rats
138 creatures vanquished.

Notes
Turn   | Place    | Note
-------+----------+-------------------------------------------
     0 | D:1      | vineage the Merfolk Fighter began the quest for the Orb.
     0 | D:1      | Reached XP level 1. HP: 18/18 MP: 1/1
   162 | D:1      | Reached skill level 3 in Polearms
   166 | D:1      | Reached XP level 2. HP: 24/24 MP: 2/2
   853 | D:2      | Reached XP level 3. HP: 30/30 MP: 3/3
   920 | D:2      | Found an ornate altar of the Wu Jian Council.
  1014 | D:2      | Reached skill level 4 in Polearms
  1014 | D:2      | Reached XP level 4. HP: 14/37 MP: 4/4
  1759 | D:3      | Found a faded altar of an unknown god.
  1854 | D:3      | Reached XP level 5. HP: 33/43 MP: 5/5
  2019 | D:3      | Noticed askman's ghost (amateur DsMo)
  2023 | D:3      | Found a transporter.
  2027 | D:3      | Found a transporter.
  2753 | D:4      | Noticed an ogre
  2759 | D:4      | Killed an ogre
  2760 | D:4      | Reached skill level 5 in Fighting
  2760 | D:4      | Reached skill level 5 in Polearms
  2760 | D:4      | Reached XP level 6. HP: 42/51 MP: 6/6
  2888 | D:3      | Killed askman's ghost
  3073 | D:4      | Noticed a black bear
  3082 | D:4      | Reached XP level 7. HP: 51/56 MP: 7/7
  3090 | D:4      | Reached skill level 6 in Polearms
  3696 | D:4      | Found a blossoming altar of Fedhas.
  3727 | D:4      | Identified the +9 short sword "Loopy" {venom, rC+ Will-
                  | Stlth+}
  4238 | D:5      | Entered Level 5 of the Dungeon
  4380 | D:5      | Reached skill level 7 in Polearms
  4380 | D:5      | Reached skill level 1 in Dodging
  4380 | D:5      | Reached XP level 8. HP: 46/65 MP: 8/8
  4532 | D:5      | Identified the +2 robe of the Lair of Beasts {rC+ Int+5}
  5235 | D:5      | Reached skill level 8 in Polearms
  5332 | D:5      | Reached skill level 5 in Shields
  5460 | D:6      | Found an iron altar of Okawaru.
  5478 | D:6      | Became a worshipper of Warmaster Okawaru
  5649 | D:6      | Found a runed translucent door.
  5650 | D:6      | Noticed PostNTower's ghost (amateur OpTm)
  5699 | D:6      | Reached XP level 9. HP: 68/72 MP: 9/9
  5712 | D:6      | Found a large runed translucent door.
  5712 | D:6      | Found a large runed translucent door.
  5752 | D:6      | Found a large runed translucent door.
  5752 | D:6      | Found a large runed translucent door.
  5756 | D:6      | Noticed a two-headed ogre
  5789 | D:6      | Reached skill level 9 in Polearms
  5831 | D:6      | Noticed a gargoyle
  5850 | D:6      | Identified a scroll of acquirement
  5850 | D:6      | Acquired 786 gold pieces
  5851 | D:6      | Mangled by a gargoyle

Illustrated notes

Levels and vault maps discovered:
D:1:      minmay_arrival_glassed_features, layout_basic
D:2:      minmay_inner_zag, layout_rooms, basic_altar
D:3:      layout_basic, nicolae_ecumenical_snake_handling, gammafunk_ghost_arena
D:4:      layout_basic, fedhas_altar_1, serial_shops, shop
D:5:      layout_gridville, minmay_misc_feat_pillars, feat_on_display
D:6:      layout_rooms, mainiacjoe_overflow_concentric_impassable,
          ebering_ghost_reflecting_pool, minmay_hollow_rounded_squares

Skill      XL: |  1  2  3  4  5  6  7  8  9 |
---------------+----------------------------+-----
Polearms       | 3 4 5 7 8 9 |  9.0
Fighting       | 4 5 6 7 |  7.9
Armour         | 3 4 |  4.1
Shields        | 4 5 |  5.4
Dodging        | 1 3 |  3.8

Action                     |  1- 3 |  4- 6 |  7- 9 || total
---------------------------+-------+-------+-------++-------
  Melee: Trident           |    79 |   177 |    62 ||   318
         Short sword       |       |       |   166 ||   166
    Use: Scroll            |     6 |     6 |     6 ||    18
         Potion            |       |     1 |     2 ||     3
   Stab: Invisible         |       |       |     2 ||     2
 Armour: Scale mail        |    17 |    40 |       ||    57
         Chain mail        |       |    29 |   119 ||   148
  Dodge: Dodged            |    19 |    66 |   125 ||   210
  Block: Buckler           |     9 |    47 |    78 ||   134

Table legend: (Time is in decaauts)
 A = Elapsed time spent in this place.
 B = Non-inter-level travel time spent in this place.
 C = Inter-level travel time spent in this place.
 D = Time resting spent in this place.
 E = Time spent auto-exploring this place.
 F = Levels seen in this place.
 G = Mean time per level.
                   A        B        C        D        E       F      G
               +--------+--------+--------+--------+--------+-----+--------+
         Total |   5885 |   5615 |    270 |    955 |   3726 |   6 |  980.8 |
       Dungeon |   5885 |   5615 |    270 |    955 |   3726 |   6 |  980.8 |
               +--------+--------+--------+--------+--------+-----+--------+

Top non-repeatable levels by time:
     D:4: 1451 daAuts
     D:5: 1166 daAuts
     D:3: 1106 daAuts
     D:2: 869 daAuts
     D:1: 838 daAuts
     D:6: 453 daAuts
